Map: Dusk Towers

Players

loginn - Winner!

  • Race: Zerg Zerg
  • League: Master

wocaishisb

  • Race: Zerg Zerg
  • League: Master

VOD

Have the link to the VOD?

Description

Mass Speedling into Muta into Lurker

Time

  • Played on: May 13, 2016, 9:41 a.m.
  • Length: 17:36
Show
View Real Time Build Order
Export as new Build Order

loginn Zerg - Winner!

Build Orders: Hatch First, Lurkers 

Get SALT Encoding   

  12  0:01  Drone  
  13  0:12  Overlord  
  13  0:17  Drone  
  14  0:31  Drone x2  
  16  0:37  Drone  
  17  0:52  Hatchery  
  17  0:55  Drone  
  17  0:58  Drone  
  18  1:09  Extractor  
  17  1:14  Spawning Pool  
  16  1:19  Drone  
  16  1:21  Drone  
  18  1:28  Drone  
  19  1:41  Overlord  
  19  2:01  Queen  
  21  2:02  Zergling x4  
  21  2:04  Queen  
  21  2:06  Drone  
  26  2:12  Metabolic Boost  
  26  2:16  Drone x2  
  26  2:22  Drone  
  29  2:26  Drone  
  30  2:32  Overlord  
  30  2:36  Queen  
  32  2:49  Queen  
  34  2:53  Drone x3  
  34  2:58  Baneling Nest  
  36  2:59  Drone  
  36  3:02  Overlord  
  37  3:12  Drone x2  
  39  3:13  Drone x2  
  41  3:24  Drone x5  
  46  3:40  Evolution Chamber  
  45  3:41  Drone x2  
  45  3:44  Evolution Chamber  
  45  3:47  Baneling x2  
  46  3:53  Hatchery  
  45  3:59  Zergling x2  
  45  4:00  Zergling x12  
  52  4:08  Zerg Ground Armor Level 1  
  52  4:16  Overlord  
  52  4:24  Zerg Melee Weapons Level 1, Overlord  
  52  4:28  Overlord  
  52  4:29  Hatchery  
  52  4:30  Drone  
  52  4:36  Overlord  
  52  4:38  Zergling x6  
  54  4:39  Zergling x2  
  54  4:44  Zergling x6  
  58  4:56  Zergling x2  
  58  4:57  Zergling x6  
  62  5:06  Lair  
  62  5:07  Zergling x2  
  62  5:08  Zergling x8  
  62  5:11  Zergling x4  
  68  5:24  Zergling x6  
  69  5:34  Zergling x6  
  66  5:46  Zergling x12  
  66  5:47  Zergling x6  
  66  5:48  Overlord  
  74  5:55  Zergling x12  
  64  6:05  Zergling x10  
  69  6:12  Drone x2  
  69  6:13  Drone x3  
  69  6:16  Extractor  
  69  6:18  Zerg Melee Weapons Level 2  
  73  6:19  Zergling x2  
  73  6:20  Zergling x4  
  73  6:23  Zergling x10  
  80  6:33  Baneling x4  
  80  6:44  Drone x3  
  80  6:45  Drone  
  80  6:46  Zergling x2  
  87  6:47  Zergling x12  
  91  6:56  Zergling x22  
  87  7:17  Zergling x18  
  95  7:25  Spire  
  95  7:29  Zergling x18  
  84  7:50  Drone x9  
  93  7:59  Drone x2  
  93  8:00  Drone x2  
  93  8:02  Overlord, Extractor x2  
  95  8:05  Extractor  
  94  8:23  Zerg Ground Armor Level 2  
  94  8:28  Baneling x5  
  94  8:29  Zergling x30  
  94  8:30  Zergling x4  
  111  8:36  Overlord x4  
  88  8:57  Zergling x2  
  88  8:58  Zergling x26  
  99  9:08  Mutalisk x3  
  105  9:13  Zergling x8  
  105  9:16  Mutalisk  
  98  9:28  Zergling x10  
  98  9:29  Zergling x12  
  107  9:35  Mutalisk  
  107  9:36  Mutalisk  
  101  9:41  Mutalisk  
  101  9:44  Zergling x8  
  101  9:45  Zergling x6  
  102  9:46  Zergling x2  
  103  9:54  Zergling x10  
  103  9:56  Mutalisk  
  103  9:58  Mutalisk  
  112  10:12  Mutalisk x2  
  116  10:14  Mutalisk  
  118  10:22  Drone x2  
  118  10:23  Drone x3  
  118  10:25  Extractor  
  122  10:34  Hydralisk Den  
  121  10:44  Hatchery  
  121  10:49  Zergling x2  
  123  10:50  Zergling x14  
  123  10:51  Infestation Pit  
  127  11:02  Overseer  
  127  11:04  Lurker Den  
  127  11:08  Zergling x2  
  127  11:09  Zergling x20  
  138  11:27  Hydralisk x3  
  138  11:29  Overlord  
  138  11:30  Overlord x3  
  144  11:53  Hydralisk  
  144  11:54  Hydralisk x8  
  162  12:06  Pneumatized Carapace  
  162  12:30  Overlord  
  162  12:31  Overlord  
  162  12:43  Lurker x12  
  174  12:51  Hive  
  174  12:52  Zergling x2  
  174  12:53  Zergling x24  
  187  13:25  Baneling x12  
  187  13:26  Baneling x10  
  187  13:27  Overlord x2  
  187  13:32  Overlord  
  187  13:33  Overlord x3  
  178  14:10  Hydralisk x3  
  178  14:11  Hydralisk x8  
  200  14:32  Centrifical Hooks  
  153  15:04  Zergling x24  
  149  15:16  Zergling x2  
  149  15:17  Zergling x6  
  142  15:31  Zergling x2  
  142  15:32  Zergling x6  
  105  16:03  Hydralisk  
  105  16:04  Zergling x2, Hydralisk x10  
  127  16:19  Ultralisk Cavern  
  127  16:20  Zergling x2, Hydralisk x3  
  133  16:36  Zergling x2, Extractor  
  133  16:37  Zergling x8  
  137  16:40  Baneling x5, Extractor  
  137  16:41  Baneling x4  
  137  16:42  Hatchery  
  101  17:08  Overseer  
  101  17:09  Overseer x2  
Show
View Real Time Build Order
Export as new Build Order

wocaishisb Zerg 

Build Orders: Pool First 

Get SALT Encoding   

  12  0:02  Drone  
  13  0:08  Drone  
  14  0:18  Overlord  
  14  0:24  Drone, Extractor  
  15  0:37  Drone  
  15  0:38  Drone  
  17  0:45  Drone  
  17  0:49  Spawning Pool  
  17  0:56  Drone  
  18  1:00  Extractor  
  17  1:10  Drone  
  18  1:22  Drone  
  19  1:36  Queen  
  19  1:37  Drone  
  22  1:47  Roach Warren, Drone  
  22  1:48  Hatchery  
  22  1:51  Zergling x2  
  22  2:05  Metabolic Boost  
  22  2:07  Overlord  
  22  2:25  Queen  
  22  2:28  Drone x2  
  26  2:36  Drone  
  27  2:48  Drone x3  
  30  3:00  Overlord  
  30  3:04  Roach  
  32  3:10  Drone  
  32  3:12  Drone  
  34  3:21  Drone  
  34  3:22  Drone  
  34  3:25  Evolution Chamber  
  35  3:28  Hatchery  
  35  3:31  Drone  
  35  3:34  Drone x3  
  35  3:35  Drone x2  
  35  3:39  Pneumatized Carapace  
  39  3:43  Drone  
  39  3:44  Drone  
  39  3:48  Drone x2  
  43  3:57  Overlord  
  43  4:06  Overlord  
  43  4:08  Zerg Ground Armor Level 1  
  43  4:12  Extractor x2  
  43  4:13  Overlord, Roach  
  43  4:15  Roach x2  
  47  4:23  Roach  
  49  4:29  Overlord  
  49  4:39  Drone  
  49  4:40  Drone x6  
  49  4:42  Drone x3  
  49  4:43  Drone  
  49  4:44  Drone  
  62  4:45  Drone  
  62  4:52  Roach  
  64  4:58  Roach x2  
  68  5:01  Queen  
  68  5:03  Roach  
  68  5:07  Overlord  
  72  5:10  Roach  
  72  5:11  Extractor  
  73  5:15  Overlord  
  65  5:23  Roach x2  
  65  5:26  Roach  
  66  5:31  Roach x2  
  68  5:37  Roach  
  68  5:38  Zergling x4  
  68  5:40  Roach  
  68  5:41  Zergling x2  
  68  5:42  Zergling x2  
  74  5:43  Zergling x4, Queen  
  74  5:45  Zergling x4  
  80  5:52  Baneling Nest  
  80  5:53  Roach  
  81  6:00  Roach  
  81  6:01  Roach  
  76  6:04  Roach x2  
  76  6:09  Roach  
  82  6:12  Zergling x4  
  82  6:15  Drone  
  85  6:24  Roach  
  85  6:25  Roach  
  89  6:31  Overlord  
  89  6:33  Zerg Melee Weapons Level 1  
  89  6:36  Baneling x3  
  89  6:37  Baneling x3  
  89  6:39  Baneling  
  89  6:47  Overlord  
  89  6:51  Overlord, Drone x2  
  89  6:52  Drone  
  92  6:54  Drone  
  92  6:56  Baneling x2  
  92  6:57  Baneling x2  
  92  7:00  Baneling  
  92  7:01  Baneling  
  93  7:03  Drone  
  94  7:14  Drone x2  
  91  7:16  Drone x4  
  91  7:17  Drone  
  91  7:19  Baneling  
  91  7:20  Baneling x4  
  91  7:22  Drone  
  97  7:26  Drone x2  
  97  7:27  Drone  
  97  7:29  Drone  
  100  7:40  Drone x4  
  102  7:44  Drone x3  
  102  7:45  Lair  
  102  7:46  Drone  
  102  7:50  Zergling x2  
  107  7:53  Drone  
  107  7:55  Drone x2  
  107  7:57  Drone x2  
  112  8:02  Overlord  
  112  8:05  Overlord  
  112  8:07  Overlord  
  112  8:12  Overlord  
  112  8:18  Overlord  
  112  8:19  Overlord  
  112  8:21  Overlord  
  112  8:22  Roach x2  
  112  8:23  Extractor  
  112  8:24  Spore Crawler, Extractor  
  112  8:25  Overlord  
  112  8:26  Roach x3  
  112  8:27  Roach  
  121  8:28  Roach  
  121  8:32  Zerg Missile Weapons Level 1  
  125  8:34  Evolution Chamber, Roach  
  125  8:35  Roach  
  125  8:38  Baneling x2  
  130  8:41  Roach x2  
  130  8:42  Roach  
  130  8:47  Roach x2  
  118  9:01  Roach x4  
  118  9:02  Roach x3  
  111  9:03  Roach x3  
  111  9:08  Roach x3  
  111  9:09  Roach  
  125  9:12  Roach  
  127  9:21  Roach  
  127  9:22  Roach x2  
  129  9:30  Roach x2  
  133  9:34  Hydralisk Den  
  133  9:37  Roach  
  126  9:41  Roach x3  
  126  9:42  Roach  
  126  9:43  Roach  
  129  9:46  Drone  
  129  9:50  Spore Crawler  
  129  9:54  Spore Crawler  
  129  9:55  Roach x2  
  129  9:58  Drone  
  133  10:00  Centrifical Hooks, Spore Crawler  
  132  10:08  Hydralisk x4  
  132  10:09  Hydralisk  
  142  10:15  Overlord  
  142  10:16  Zergling x4  
  142  10:17  Hydralisk  
  146  10:23  Hydralisk x4  
  154  10:32  Zerg Melee Weapons Level 2  
  154  10:33  Overlord  
  154  10:38  Baneling x3  
  154  10:39  Overlord  
  154  10:44  Baneling  
  154  10:50  Overlord  
  154  10:51  Hydralisk, Overlord  
  154  10:52  Overlord  
  154  10:55  Overlord  
  154  10:56  Hydralisk  
  158  10:59  Hydralisk  
  158  11:01  Hydralisk  
  162  11:05  Hydralisk  
  162  11:07  Hydralisk  
  166  11:11  Overlord  
  166  11:15  Hydralisk  
  168  11:24  Zerg Ground Armor Level 2  
  168  11:25  Hydralisk x2  
  168  11:28  Overseer  
  168  11:30  Hydralisk  
  174  11:33  Zergling x4  
  174  11:35  Hydralisk  
  178  11:42  Hydralisk x2  
  178  11:44  Hydralisk  
  184  11:48  Overlord  
  184  11:52  Hydralisk  
  184  11:54  Baneling x2  
  186  11:55  Baneling x2  
  186  11:57  Hydralisk  
  188  12:07  Hydralisk x3  
  194  12:10  Hydralisk  
  196  12:17  Hydralisk x2  
  200  12:37  Overseer  
  198  12:44  Hydralisk  
  200  13:09  Overlord  
  200  13:10  Lurker Den  
  200  13:31  Hatchery  
  197  13:42  Hydralisk  
  194  13:58  Hydralisk x3  
  194  14:00  Overlord  
  198  14:03  Overlord  
  198  14:07  Overlord  
  196  14:15  Hydralisk  
  198  14:18  Overlord x2  
  198  14:19  Overlord  
  198  14:22  Zerg Missile Weapons Level 2  
  198  14:25  Glial Reconstitution  
  196  14:46  Hydralisk  
  196  14:50  Lurker x3  
  182  14:53  Hydralisk x2  
  182  14:55  Hydralisk x5  
  182  14:56  Hydralisk x3  
  182  14:59  Hydralisk x2  
  152  15:09  Hydralisk x5  
  152  15:11  Hydralisk  
  152  15:12  Hydralisk x3  
  152  15:13  Hydralisk x2  
  146  15:15  Hydralisk x5  
  146  15:16  Hydralisk  
  132  15:22  Drone x2  
  132  15:26  Drone  
  135  15:31  Lurker x2  
  135  15:32  Lurker x5  
  107  15:47  Overseer  
  107  15:48  Overseer  
  107  15:49  Lurker  
  101  15:50  Lurker x6  
  101  15:55  Hydralisk x2  
  106  15:59  Hydralisk  
  105  16:06  Hydralisk  
  107  16:22  Overlord  
  107  16:24  Overlord  
  105  16:26  Hydralisk  
  105  16:32  Hydralisk  
  94  16:56  Hydralisk x4  
  92  17:08  Lurker  
  91  17:09  Lurker  
Tags
 
Add a new tag
Caveats
  • Supply blocks, unpowered buildings, or Contaminate may cause inaccurate times.
  • Supply counts are checked every 10 seconds.